 Dungeon Crawl Stone Soup version 0.26.1 (webtiles) character file.

Game seed: 18361882892930735595

50 growler the Gusty (level 3, 0/19 HPs)
             Began as a Tengu Air Elementalist on Feb 5, 2021.
             Was an Initiate of Vehumet.
             Slain by Sigmund
             ... wielding a +2 scythe of protection
              (5 damage)
             ... on level 2 of the Dungeon.
             The game lasted 00:04:46 (1561 turns).

growler the Gusty (Tengu Air Elementalist)          Turns: 1561, Time: 00:04:46

Health: 0/19       AC:  2    Str:  8    XL:     3   Next: 79%
Magic:  3/8        EV: 12    Int: 16    God:    Vehumet [......]
Gold:   72         SH:  0    Dex: 14    Spells: 1/7 levels left

rFire    . . .     SeeInvis .   c - +0 whip
rCold    . . .     Faith    .   (no shield)
rNeg     . . .     Spirit   .   a - +0 robe
rPois    .         Reflect  .   (helmet restricted)
rElec    .         Harm     .   (no cloak)
rCorr    .         Rampage  .   (no gloves)
Will     .....                  (boots unavailable)
Stlth    ++........             (no amulet)
HPRegen  0.06/turn              (no ring)
MPRegen  0.11/turn              (no ring)

@: very slightly contaminated
A: beak, talons 3
a: Renounce Religion


You were on level 2 of the Dungeon.
You worshipped Vehumet.
Vehumet was noncommittal.
You visited 1 branch of the dungeon, and saw 2 of its levels.

You collected 72 gold pieces.

Inventory:

Hand Weapons
 c - a +0 whip (weapon)
   (You found it on level 1 of the Dungeon)
Armour
 a - a +0 robe (worn)
 q - a +0 leather armour
   (You found it on level 2 of the Dungeon)
Scrolls
 b - 5 scrolls of remove curse {unknown}
 d - a scroll of enchant armour {unknown}
 h - 2 scrolls of teleportation {unknown}
 i - a scroll of identify {unknown}
 l - a scroll of fear {unknown}
Potions
 e - a potion of berserk rage {unknown}
 f - a potion of attraction {unknown}
 g - a potion of haste {unknown}
 j - a potion of curing {unknown}
 k - a potion of mutation {unknown}
 m - a potion of cancellation {unknown}
 n - a potion of flight {unknown}
 o - a potion of brilliance {unknown}
 p - a potion of heal wounds {unknown}


   Skills:
 - Level 2.1 Dodging
 - Level 2.0 Stealth
 + Level 2.6 Spellcasting
 + Level 2.8 Conjurations
 + Level 4.8 Air Magic


You had one spell level left.
You knew the following spells:

 Your Spells              Type           Power        Failure   Level
a - Shock                 Conj/Air       56%          4%          1
d - Static Discharge      Conj/Air       14%          12%         3
s - Swiftness             Air            17%          4%          2

Your spell library contained the following spells:

 Spells                   Type           Power        Failure   Level
 Airstrike                Air            8%           26%         4
 Lightning Bolt           Conj/Air       7%           73%         5


Dungeon Overview and Level Annotations

Branches:
Dungeon (2/15)

Altars:
Makhleb
Vehumet

Annotations:
D:2 Sigmund


Innate Abilities, Weirdness & Mutations

You have a beak for a mouth.
You have claws for feet.


Message History

Aim: a worm (heavily wounded, 10% to evade)
The zap hits the worm.
Your magical contamination has completely faded away.
Aim: a worm (moderately wounded, 10% to evade)
The zap hits the worm. x2
Aim: a worm (severely wounded, 10% to evade)
The zap hits the worm.
You kill the worm!
Vehumet accepts your kill.
You start resting.
A giant cockroach comes into view.
The giant cockroach barely misses you.
You closely miss the giant cockroach. You peck the giant cockroach.
The giant cockroach barely misses you. x2
You barely miss the giant cockroach. Your kick misses the giant cockroach.
The giant cockroach barely misses you.
You hit the giant cockroach.
You kill the giant cockroach!
Vehumet accepts your kill.
No target in view!
No target in view!
No target in view!
No target in view!
Unknown command.
Sigmund shouts!
Sigmund points at you and mumbles some strange words.
You are confused.
Found a scroll labelled FAGOINO OPTEO and 7 gold pieces.
Sigmund casts a spell at you. You resist with significant effort.
Found 12 gold pieces.
Sigmund points at you and mumbles some strange words.
You resist with significant effort.
You're too confused to move!
You feel less confused.
You see here a worm corpse.
The zap misses Sigmund. x2
Sigmund hits you from afar with a +2 scythe of protection.
The zap hits Sigmund. x2; Sigmund barely misses you.
The zap hits Sigmund but does no damage.
The zap hits Sigmund.
The zap hits Sigmund but does no damage. x2
Sigmund hits you from afar with a +2 scythe of protection!
* * * LOW HITPOINT WARNING * * *
You miscast Shock.
You are very lightly contaminated with residual magic.
Nothing appears to happen.
Sigmund's eyes start glowing with a red light.
Sigmund hits you from afar with a +2 scythe of protection.
You die...

.........## #### ........## .(.#
#.......#### .. ...#
#..........#...#
...##############....).[...#...##
...'.............................
...#############@...######.#+#...
#### #†...# #..........
########@...# #..........
#......+....###.....>..#.
#........................
######..###≈..≈###....(.....#.
#......#...#≈≈#...#...........
#......#.⌠.#≈≈#.⌠.#........##.
#......#...#≈≈#...#........##.
#....[..###≈≈≈≈###..###+#####.
#..)......≈≈≈≈≈≈...^# #....###


You could see Sigmund.

Vanquished Creatures
  An adder (D:2)
  2 worms (D:2)
  A dart slug (D:1)
  A leopard gecko (D:1)
  3 giant cockroaches
  5 goblins
  A hobgoblin (D:1)
  8 jackals
  A kobold (D:1)
  A bat (D:1)
  A frilled lizard (D:1)
  4 rats
29 creatures vanquished.

Notes
Turn   | Place    | Note
-------+----------+-------------------------------------------
     0 | D:1      | growler the Tengu Air Elementalist began the quest for the
                  | Orb.
     0 | D:1      | Reached XP level 1. HP: 10/10 MP: 4/4
   149 | D:1      | Reached XP level 2. HP: 14/15 MP: 3/6
  1023 | D:2      | Reached XP level 3. HP: 19/19 MP: 2/7
  1136 | D:2      | Found a radiant altar of Vehumet.
  1138 | D:2      | Found a burning altar of Makhleb.
  1167 | D:2      | Became a worshipper of Vehumet
  1390 | D:2      | Noticed Sigmund
  1407 | D:2      | Learned a level 2 spell: Swiftness
  1411 | D:2      | Learned a level 3 spell: Static Discharge
  1561 | D:2      | Slain by Sigmund

Illustrated notes

Levels and vault maps discovered:
D:1:      ncdulo_halloftheorcs, layout_basic, minmay_tromino_mix6
D:2:      layout_basic, chequers_temple_overflow_statue_of_worship,
          lemuel_round_altar, zin_academy, nemelex_altar_shiori, fountainhead,
          uniq_jessica, uniq_sigmund

Skill      XL: |  1  2 |
---------------+-------+-----
Conjurations   | 2 |  2.8
Dodging        | |  2.1
Stealth        | |  2.0
Spellcasting   | |  2.6
Air Magic      | |  4.8

Action                   || total
-------------------------++-------
Melee: Unarmed           ||     9
       Whip              ||    30
       Peck              ||     7
       Kick              ||     4
 Cast: Shock             ||    53
 Stab: Sleeping          ||     2
Armor: Robe              ||     4
Dodge: Dodged            ||    31
